 Dungeon Crawl Stone Soup version 0.28-a0-751-gef3a642a4e (webtiles) character file.

Game seed: 6715305542426802075

1218 lawman0 the Insei (level 8, -5/54 HPs)
             Began as a Djinni Transmuter on Oct 30, 2021.
             Was an Initiate of Cheibriados.
             Slain by an orc warrior (19 damage)
             ... on level 6 of the Dungeon.
             The game lasted 00:14:08 (8973 turns).

lawman0 the Insei (Djinni Transmuter)               Turns: 8973, Time: 00:14:09

Health: -5/54      AC:  2    Str: 10    XL:     8   Next: 75%
Gold:   168        EV: 23    Int: 18    God:    Cheibriados [......] SH:  0 Dex: 26

rFire   x . .      SeeInvis .     - Unarmed
rCold   + + +      Faith    .   (shield currently unavailable)
rNeg    . . .      Spirit   .   (armour currently unavailable)
rPois   ∞          Reflect  .   (helmet currently unavailable)
rElec   +          Harm     .   (cloak currently unavailable)
rCorr   +          Rampage  .   (gloves currently unavailable)
Will    .....                   (boots unavailable)
Stlth   ++........              (no amulet)
HPRegen 0.18/turn               e - ring "Eneupt" {rElec rF- rC+++ rCorr Dex+6}
MPRegen 0.00/turn               (no ring)

@: spider-form, flying, very slow
A: venomous fangs, flying, sickness immunity, tiny, (fire resistance 2), (cold
vulnerability 1), float, innate caster, hp casting, extra vitality 1
a: End Transformation, Renounce Religion, Bend Time


You were on level 6 of the Dungeon.
You worshipped Cheibriados.
Cheibriados was noncommittal.
You were a venomous arachnid creature.
You visited 2 branches of the dungeon, and saw 7 of its levels.

You collected 343 gold pieces.
You spent 175 gold pieces at shops.

Inventory:

Missiles
 a - 23 poisoned darts (quivered)
Armour
 t - the +1 leather armour "Qikulaczi" (melded) {rPois Dex+3}
   (You bought it in a shop on level 6 of the Dungeon)

   Dex:       It affects your dexterity (+3).
   rPois:     It protects you from poison.
Jewellery
 e - the ring "Eneupt" (left front leg) {rElec rF- rC+++ rCorr Dex+6}
   (You found it on level 5 of the Dungeon)

   [ring of dexterity]

   Dex:       It affects your dexterity (+6).
   rF:        It makes you vulnerable to fire.
   rC:        It renders you almost immune to cold.
   rElec:     It insulates you from electricity.
   rCorr:     It protects you from acid and corrosion.
Wands
 m - a wand of iceblast (3)
Scrolls
 d - a scroll of vulnerability
 f - a scroll of enchant armour
 l - a scroll of fear
 n - a scroll of blinking {unknown}
 o - a scroll of acquirement {unknown}
 q - a scroll of holy word {unknown}
 s - a scroll of amnesia {unknown}
Potions
 c - 2 potions of haste {unknown}
 g - a potion of invisibility {unknown}
 h - 2 potions of attraction {unknown}
 i - a potion of ambrosia {unknown}
 j - a potion of magic {unknown}
 k - 3 potions of curing {unknown}
 p - a potion of lignification {unknown}
 r - a potion of resistance


   Skills:
 + Level 2.0 Fighting
 - Level 0.9 Throwing
 + Level 3.2 Armour
 + Level 4.2 Dodging
 + Level 1.2 Stealth
 * Level 7.7 Unarmed Combat
 + Level 3.2 Spellcasting


You couldn't memorise any spells.
You knew the following spells:

 Your Spells              Type           Power      Damage    Failure   Level
a - Beastly Appendage     Tmut           28%        N/A       13%         1
b - Wereblood             Tmut           14%        N/A       17%         2
c - Spider Form           Tmut/Pois      7%         N/A       30%         3
d - Ice Form              Ice/Tmut       14%        N/A       61%         4
e - Sting                 Tmut/Pois      56%        1d5       13%         1
f - Searing Ray           Conj           28%        2d5       17%         2
g - Ozocubu's Armour      Ice            14%        N/A       30%         3
Your spell library was empty.

Dungeon Overview and Level Annotations

Branches:
Dungeon (6/15)             Temple (1/1) D:5

Altars:
Ashenzari
Cheibriados
Dithmenos
Elyvilon
Fedhas
Gozag
Hepliaklqana
Kikubaaqudgha
Makhleb
Nemelex Xobeh
Qazlal
Ru
Sif Muna
Uskayaw
Vehumet
Wu Jian
Yredelemnul
Zin

Shops:
D:6 [


Innate Abilities, Weirdness & Mutations

You are a venomous arachnid creature.
You have poisonous fangs.
You are tiny and dextrous.
You are flying.
Your spellcasting is less reliable in this form.
Your armour is entirely melded.
You are incapable of wielding weapons or throwing items.
You are immune to sickness and miasma.
You are immune to poison.
((Your flesh is very heat resistant. (rF++)))
((You are vulnerable to cold. (rC-)))
You float through the air rather than walking.
You learn spells naturally, not from books.
Your magical power is your life essence.
You have superior vitality. (+4 HP)


Message History

The +1 leather armour "Qikulaczi" {rPois Dex+3} unmelds from your body.
You fly downwards.
There is a stone staircase leading up here.
An orc comes into view. It is wielding a +0 hand axe.
There is a stone staircase leading up here.
Throw: 25 darts (poison)
Press: ? - help, Q - select action, (/) - cycle Shift-Dir - straight line, f - orc warrior
Aim: an orc warrior, wielding a +0 falchion and wearing a +0 plate armour (65% to hit)
You throw a poisoned dart.
The poisoned dart barely misses the orc warrior.
Unknown command.
Unknown command.
Unknown command.
Throw: 24 darts (poison)
Press: ? - help, Q - select action, (/) - cycle Shift-Dir - straight line, f/p - orc warrior
Aim: an orc warrior, wielding a +0 falchion and wearing a +0 plate armour (65% to hit)
You throw a poisoned dart.
The poisoned dart closely misses the orc warrior.
Casting: Spider Form (dangerous; 17% risk of failure)
Confirm with . or Enter, or press ? or * to list all spells.
You turn into a venomous arachnid creature.
The +1 leather armour "Qikulaczi" {rPois Dex+3} melds into your body.
You barely miss the orc warrior.
The orc shouts!
The orc warrior hits you with a +0 falchion!
You bite the orc warrior!
The orc warrior is poisoned.
The orc warrior is moderately wounded.
The orc warrior hits you with a +0 falchion!
You bite the orc warrior!
The orc warrior is heavily wounded.
You hit the orc warrior.
The orc warrior looks as sick as possible!
The orc warrior is severely wounded.
The orc warrior hits you with a +0 falchion!
* * * LOW HITPOINT WARNING * * *
You hit the orc warrior but do no damage.
The orc warrior looks as sick as possible!
The orc warrior is severely wounded.
The orc warrior hits you with a +0 falchion!!
You die...

#....(.,###..##..
##....#.####......
##$....#........)†.
###.....###..........
#........###.......##
#....#...#..[o.....#
*#...##[#..(.......##
#.....(o............
##.so...#.....##..#.
#......##....##.##.
**#......##.........#
*#........####.......#
#........## ###......
#.......## ##.....
##......# #####.#....
###....# ##..........
##...# #...........


You could see an orc warrior (extremely poisoned) and an orc.

Vanquished Creatures
  3 ogres (D:5)
  A phantom (D:4)
  A scorpion (D:4)
  A wight (D:5)
  A jelly (D:4)
  A bullfrog zombie (D:5)
  A centaur zombie (D:5)
  4 hounds
  6 orc priests
  Jessica (D:1)
  An orc wizard (D:6)
  3 iguanas
  A hound skeleton (D:5)
  Robin (D:2)
  6 adders
  4 gnolls
  A white imp (D:5)
  2 ufetubi (D:6)
  An adder skeleton (D:4)
  A worm (D:3)
  6 dart slugs
  11 orcs
  7 ball pythons
  9 endoplasms
  2 giant cockroaches (D:1)
  8 hobgoblins
  7 jackals
  7 kobolds
  A quokka (D:1)
  3 bats
  5 frilled lizards
  15 goblins
  8 rats
130 creatures vanquished.

Notes
Turn   | Place    | Note
-------+----------+-------------------------------------------
     0 | D:1      | lawman0 the Djinni Transmuter began the quest for the Orb.
     0 | D:1      | Reached XP level 1. HP: 17/17 MP: 0/0
   565 | D:1      | Reached XP level 2. HP: 20/22 MP: 0/0
  1522 | D:1      | Reached XP level 3. HP: 21/27 MP: 0/0
  1522 | D:1      | Learned a level 1 spell: Sting
  1775 | D:1      | Reached skill level 4 in Unarmed Combat
  2390 | D:2      | Reached XP level 4. HP: 30/32 MP: 0/0
  2815 | D:2      | Identified the -5 helmet of Pan-Flutes {rPois rCorr Dex+5
                  | SInv}
  2815 | D:2      | Noticed Robin
  2824 | D:2      | Noticed Jessica
  2832 | D:2      | Killed Robin
  2844 | D:1      | Killed Jessica
  2845 | D:1      | Reached XP level 5. HP: 21/37 MP: 0/0
  2845 | D:1      | Learned a level 2 spell: Searing Ray
  3797 | D:3      | Reached skill level 5 in Unarmed Combat
  3900 | D:3      | Reached XP level 6. HP: 38/42 MP: 0/0
  4226 | D:3      | Found a sparkling altar of Nemelex Xobeh.
  4639 | D:3      | Found a faded altar of an unknown god.
  5165 | D:4      | Reached skill level 1 in Armour
  5300 | D:4      | Reached skill level 6 in Unarmed Combat
  5300 | D:4      | Reached XP level 7. HP: 42/47 MP: 0/0
  5300 | D:4      | Learned a level 3 spell: Ozocubu's Armour
  6237 | D:5      | Entered Level 5 of the Dungeon
  6519 | D:5      | Found a staircase to the Ecumenical Temple.
  6528 | Temple   | Entered the Ecumenical Temple
  6539 | Temple   | Reached XP level 8. HP: 15/52 MP: 0/0
  6928 | Temple   | Became a worshipper of Cheibriados the Contemplative
  7076 | D:5      | Reached skill level 1 in Stealth
  7142 | D:5      | Reached skill level 7 in Unarmed Combat
  8331 | D:5      | Identified the ring "Eneupt" {rElec rF- rC+++ rCorr Dex+6}
  8400 | D:5      | holy shit
  8643 | D:5      | Found a blossoming altar of Fedhas.
  8788 | D:6      | Found Vaoh's Antique Armour Boutique.
  8795 | D:6      | Bought a shimmering leather armour for 175 gold pieces
  8795 | D:6      | Identified the +1 leather armour "Qikulaczi" {rPois Dex+3}
                  | (You bought it in a shop on level 6 of the Dungeon)
  8973 | D:6      | Slain by an orc warrior

Illustrated notes

#...[.. ####...#
#.....## #.##.###
########.##....
#######........##..##
#..$.....####........
#........#....###..##
#...@......#####..##
#........### #..#
#........# #.##
########## ###


Turn 8400 on D:5: holy shit

Levels and vault maps discovered:
D:1:      dpeg_arrival_more_subterranean_lakeside_camping, layout_basic
D:2:      layout_rooms, minivault_23, uniq_robin, uniq_jessica
D:3:      layout_loops_corners, mainiacjoe_overflow_small_starburst,
          chequers_ecumenical_altar_simple, guppyfry_early_lair_pool
D:4:      layout_basic, minmay_pentomino_pile
D:5:      layout_rooms, fedhas_altar_4, minmay_temple_entry_waves,
          minmay_fractal_squares_diagonal_5
D:6:      layout_cave_pools, okawaru_ov_weapons_minmay, lemuel_tele_altar,
          serial_shops, shop, chequers_serial_rivers_room_b
Temple:   regret_index_temple_sphere_string

Skill      XL: |  1  2  3  4  5  6  7  8 |
---------------+-------------------------+-----
Unarmed Combat | 4 5 6 7 |  7.7
Spellcasting   | 2 3 |  3.2
Dodging        | 3 4 |  4.2
Armour         | 1 2 3 |  3.2
Stealth        | 1 |  1.2
Fighting       | 2 |  2.0
Throwing       | |  0.9

Action                   |  1- 3 |  4- 6 |  7- 9 || total
-------------------------+-------+-------+-------++-------
Melee: Unarmed           |    93 |   114 |    73 ||   280
       Headbutt          |     5 |     2 |       ||     7
       Punch             |     1 |       |       ||     1
Throw: Dart              |       |     1 |    17 ||    18
 Cast: Beastly Appendage |    12 |     4 |       ||    16
       Sting             |    15 |    29 |       ||    44
       Spider Form       |       |     3 |    12 ||    15
       Searing Ray       |       |     6 |    23 ||    29
  Use: Potion            |     1 |       |       ||     1
       Scroll            |       |     2 |     7 ||     9
Armor: Robe              |    13 |       |       ||    13
       Leather armour    |       |    27 |    17 ||    44
       Skin              |       |       |     4 ||     4
Dodge: Dodged            |    85 |    69 |   111 ||   265

Table legend: (Time is in decaauts)
 A = Elapsed time spent in this place.
 B = Non-inter-level travel time spent in this place.
 C = Inter-level travel time spent in this place.
 D = Time resting spent in this place.
 E = Time spent auto-exploring this place.
 F = Levels seen in this place.
 G = Mean time per level.
                   A        B        C        D        E       F      G
               +--------+--------+--------+--------+--------+-----+--------+
         Total |   9187 |   8926 |    261 |   2851 |   4598 |   7 | 1312.4 |
       Dungeon |   8652 |   8457 |    195 |   2547 |   4478 |   6 | 1442.0 |
        Temple |    535 |    469 |     66 |    304 |    120 |   1 |  535.0 |
               +--------+--------+--------+--------+--------+-----+--------+

Top non-repeatable levels by time:
     D:1: 2510 daAuts
     D:4: 1969 daAuts
     D:5: 1399 daAuts
     D:3: 1355 daAuts
     D:2: 1120 daAuts
  Temple: 535 daAuts
     D:6: 297 daAuts
